Description

https://www.twitch.tv/upatree

Replay - 2025-03-13 - (P)Heaven VS (T)UpATree

Build Order

Get SALT Encoding   

  12  0:00  SCV  Immediately send out an scv to proxy the barracks
  13  0:12  SCV  
  14  0:22  Supply Depot  
  14  0:24  SCV  
  15  0:45  Barracks  
  15  0:51  Refinery  
  15  0:54  SCV  
  16  0:57  Refinery  
  16  1:06  SCV  
  17  1:19  SCV  
  18  1:33  Orbital Command  
  18  1:34  Reaper  
  19  1:50  Factory  proxied near barracks
  19  1:53  Supply Depot  
  19  2:06  Barracks Reactor  
  19  2:10  SCV  
  19  2:32  SCV  
  19  2:37  Factory Tech Lab, Starport  proxied near barracks
  20  2:42  Marine x2  
  22  2:44  SCV  
  22  2:50  Supply Depot  
  23  2:55  Siege Tank  
  26  3:00  Marine x2  
  28  3:08  SCV  
  29  3:14  Medivac  
  29  3:18  Marine x2  
  33  3:25  Supply Depot  
  33  3:28  Siege Tank  
  37  3:36  Marine x2  
  40  3:49  Viking  Hit at 4:00 with 8 marines, siege tank, and medivac, and more on the way
  42  4:22  Viking  
  42  4:23  Siege Tank, Marine x2  
  47  4:54  Supply Depot  
Spawning Tool Build Advisor. Get it on Overwolf

Analysis

Upatree has no shame

Go to:

Details

  • Created by: asdfer4t
  • Published on: Mar 26, 2025
  • Modified on: Mar 26, 2025
  • Patch: 5.0.11
  • Difficulty: Medium
Show
View Real Time Build Order
Export as new Build Order

Comments (0)

There are no comments. Be the first!

Create an account to comment!